 Dungeon Crawl Stone Soup version 0.18.1-51-gd549091e01 (webtiles) character file.

164 Ge0ff the Cutter (level 5, -4/36 HPs)
             Began as a High Elf Abyssal Knight on May 23, 2022.
             Was a Believer of Lugonu.
             Slain by Grinder (5 damage)
             ... on level 3 of the Dungeon.
             The game lasted 00:06:22 (3200 turns).

Ge0ff the Cutter (High Elf Abyssal Knight)          Turns: 3200, Time: 00:06:22

Health: -4/36      AC:  6    Str: 12    XL:     5   Next: 21%
Magic:  7/7        EV: 12    Int: 16    God:    Lugonu [**....]
Gold:   166        SH:  0    Dex: 14    Spells: 0 memorised, 4 levels left

rFire  . . .     SeeInvis .     a - +1 short sword (drain)
rCold  . . .     Gourm    .     b - +0 leather armour
rNeg   . . .     Faith    .     (no shield)
rPois  .         Spirit   .     (no helmet)
rElec  .         Dismiss  .     Q - +2 cloak
rCorr  .         Reflect  .     (no gloves)
SustAt .         Harm     .     (no boots)
MR     .....                    (no amulet)
Stlth  +.........               (no ring)
                                (no ring)

@: not resistant to hostile enchantments, very unstealthy
A: no striking features
a: Depart the Abyss, Bend Space, Renounce Religion


You were on level 3 of the Dungeon.
You worshipped Lugonu.
Lugonu was pleased with you.
You were not hungry.

You visited 1 branch of the dungeon, and saw 3 of its levels.
You visited the Abyss 1 time.

You collected 166 gold pieces.

Inventory:

Hand Weapons
 a - a +1 short sword of draining (weapon)
Missiles
 w - 69 stones (quivered)
 M - 23 arrows
 S - 4 tomahawks
Armour
 b - a +0 leather armour (worn)
 K - a +0 ring mail
 Q - a +2 cloak (worn)
Wands
 p - a wand of paralysis (4/24)
Scrolls
 s - a scroll of enchant armour
 C - 2 scrolls of remove curse
 E - 3 scrolls of fear
 F - a scroll of fog
Potions
 q - 4 potions of curing
 u - 3 potions of cure mutation {unknown}
 N - 2 potions of might {unknown}
 P - a potion of brilliance {unknown}
Books
 R - a book of Clouds

   Spells                             Type                      Level
   a - Mephitic Cloud                 Conjuration/Poison/Air       3
   b - Conjure Flame                  Conjuration/Fire             3
   c - Poisonous Cloud                Conjuration/Poison/Air       6
   d - Freezing Cloud                 Conjuration/Ice/Air          6
   e - Ring of Flames                 Charms/Fire                  7
Comestibles
 r - 5 bread rations
 H - a fruit
 I - a slice of pizza


   Skills:
 - Level 3.0 Fighting
 + Level 5.8 Short Blades
 - Level 2.0 Armour
 - Level 2.1 Dodging
 - Level 2.0 Invocations
 + Level 1.1 Evocations


You had 4 spell levels left.
You didn't know any spells.

Dungeon Overview and Level Annotations

Branches:
Dungeon (3/15)

Altars:
Okawaru
The Shining One

Annotations:
D:3 Grinder


Message History

You hit Grinder.
Grinder is moderately wounded.
Grinder gestures at you.
You struggle to resist.
You hit Grinder but do no damage.
Grinder is moderately wounded.
Grinder hits you.
You writhe in agony.
You hit Grinder.
Grinder is moderately wounded.
Your leather armour prevents you from hitting Grinder.
Grinder is moderately wounded.
Grinder blinks!
The kobold hits you.
You closely miss the kobold. You closely miss the kobold.
The kobold hits you but does no damage. Grinder closely misses you.
You hit the kobold.
You kill the kobold!
Lugonu accepts your kill. Grinder gestures at you.
You resist with significant effort.
You see here a kobold corpse.
You barely miss Grinder.
Grinder is moderately wounded.
Grinder hits you.
You writhe in agony.
You hit Grinder.
Grinder is moderately wounded.
You barely miss Grinder.
Grinder is moderately wounded.
Grinder completely misses you.
Evoke which item? (* to show all) (? for menu, Esc to quit)
Zapping:
p - a wand of paralysis {zapped: 6} (will waste charges)
Press: ? - help, Shift-Dir - straight line, f - Grinder
Aim: Grinder (moderately wounded, chance to defeat MR: 48%) Grinder resists with some effort.
Evoking this partially-identified wand wasted a few charges.
Grinder hits you.
* * * LOW HITPOINT WARNING * * *
You writhe in agony.
* * * LOW HITPOINT WARNING * * *
Evoke which item? (* to show all) (? for menu, Esc to quit)
Zapping:
p - a wand of paralysis {zapped: 8} (will waste charges)
Press: ? - help, Shift-Dir - straight line, f/p - Grinder
Aim: Grinder (moderately wounded, chance to defeat MR: 48%) Grinder resists with some effort.
Evoking this partially-identified wand wasted a few charges.
Grinder hits you.
* * * LOW HITPOINT WARNING * * *
You writhe in agony.
You die...

#.# #... #.#
#.####... #.#
#........ #.#
#..###... #.# #..#
##.. #.# #..#####.
#.# ##........ #.#
#.....#### #@#
#.....#### #5#
#......... #.#
#.....####
#.#######.....####
#.................
##########.#......
#.#######
#.#######
#........


You could see Grinder.

Vanquished Creatures
  Crazy Yiuf (D:3)
  Ijyb (D:3)
  5 adders
  An ooze (D:3)
  2 dart slugs (D:1)
  2 giant geckos
  2 orcs (D:3)
  A ball python (D:2)
  3 bats (D:1)
  2 giant cockroaches
  8 goblins
  8 hobgoblins
  8 kobolds
  2 quokkas
  5 giant newts
  6 rats
57 creatures vanquished.

Notes
Turn   | Place    | Note
--------------------------------------------------------------
     0 | Abyss:1  | Ge0ff the High Elf Abyssal Knight began the quest for the Orb.
     0 | Abyss:1  | Reached XP level 1. HP: 16/16 MP: 3/3
    10 | D:1      | Escaped the Abyss
    55 | D:1      | Reached skill level 1 in Armour
   252 | D:1      | Reached skill level 3 in Short Blades
   349 | D:1      | Reached XP level 2. HP: 20/21 MP: 4/4
   806 | D:1      | Reached skill level 4 in Short Blades
   923 | D:1      | Reached ** piety under Lugonu
   927 | D:1      | Reached XP level 3. HP: 17/26 MP: 5/5
  1701 | D:2      | Reached skill level 5 in Short Blades
  1919 | D:2      | Reached XP level 4. HP: 31/31 MP: 6/6
  2164 | D:2      | Found a glowing golden altar of the Shining One.
  2574 | D:3      | Found an iron altar of Okawaru.
  2740 | D:3      | Noticed Crazy Yiuf
  2746 | D:3      | Killed Crazy Yiuf
  2953 | D:3      | Noticed Ijyb
  2960 | D:3      | Reached XP level 5. HP: 36/36 MP: 7/7
  2962 | D:3      | Killed Ijyb
  2962 | D:3      | Reached skill level 1 in Evocations
  3176 | D:3      | Noticed Grinder
  3200 | D:3      | HP: 1/36 [Grinder (4)]
  3200 | D:3      | Slain by Grinder

Skill      XL: |  1  2  3  4  5 |
---------------+----------------+-----
Armour         | 1 2 |  2.0
Short Blades   | 3 4 5 |  5.8
Evocations     | 1 |  1.1
Fighting       | |  3.0
Dodging        | |  2.1
Invocations    | |  2.0

Action                   |  1- 3 |  4- 6 || total
-------------------------+-------+-------++-------
Melee: Short sword       |    96 |    71 ||   167
Throw: Stone             |     7 |     8 ||    15
Evoke: Wand              |       |     4 ||     4
  Use: Scroll            |     5 |     3 ||     8
 Stab: Paralysed         |       |     1 ||     1
  Eat: Chunk             |     3 |     4 ||     7
Armor: Leather armour    |    11 |     9 ||    20
Dodge: Dodged            |    47 |    24 ||    71

Vault maps used:
D:1:      lightli_molten_gateway, roderic_serpentine_path, dk_noncrumbling_4
D:2:      tso_altar
D:3:      eino_tiny_chamber, okawaru_ov_weapons_minmay, uniq_iyjb, uniq_grinder,
          uniq_crazy_yiuf_cottage
